cohdb
Replays
Latest Replays
All Replays
Popular Replays
Top Player Replays
Match Explorer
How It Works
Community
CoH3 Stats
Reddit
Sign in to upload your games and track your stats! →
Sign in with Steam
Match 40858627
Unlisted
Match 40858627
Overview
Messages
Build Orders
End
Construct Weapon Support Center
Selects Special Operations Battlegroup
Selects M29 Weasel Recon Vehicle
M29 Weasel Recon Vehicle
Engineer Squad
M1919 Machine Gun Team
M1919 Machine Gun Team
Bazooka Squad
Infantry Support Center
M3 Armored Personnel Carrier
Sniper
Bazooka Squad
Selects Raiding Flares
Selects SSF Commando Squad
Engineer Squad
Construct Medical Station
Improved M9 Bazooka Rockets
M3 Armored Personnel Carrier
SSF Commando Squad
Construct Tank Depot
Selects P-47 Anti-Infantry Loiter
P-47 Anti-Infantry Loiter
M4(105) Sherman Bulldozer
ildong
HulkSMASH
0
0
Comments
sign in to comment!
No comments posted yet!